 Dungeon Crawl Stone Soup version 0.18.1-5-g4a78601 (console) character file.

123 chessman the Ducker (level 5, 0/57 HPs)
             Began as a Merfolk Gladiator on May 14, 2016.
             Slain by a water moccasin (5 damage)
             ... on level 4 of the Dungeon.
             The game lasted 00:14:14 (2783 turns).

chessman the Ducker (Merfolk Gladiator)             Turns: 2783, Time: 00:14:14

Health: 0/57       AC:  4    Str: 20    XL:     5   Next: 7%
Magic:  5/5        EV: 14    Int:  8    God:
Gold:   192        SH:  4    Dex: 15    Spells: 0 memorised, 4 levels left

rFire  . . .     SeeInvis .     a - +0 trident
rCold  . . .     Gourm    .     b - +0 leather armour
rNeg   . . .     Faith    .     s - +0 buckler
rPois  .         Spirit   .     c - +0 helmet
rElec  .         Dismiss  .     (no cloak)
rCorr  .         Reflect  .     (no gloves)
SustAt .         Harm     .     (no boots)
MR     .....                    y - amulet of regeneration
Stlth  ..........               (no ring)
                                (no ring)

@: berserking, lethally poisoned (0 -> -6), very quick, not resistant to hostile
enchantments, extremely unstealthy
A: change form in water, swift swim
a: no special abilities


You were on level 4 of the Dungeon.
You were not hungry.

You visited 1 branch of the dungeon, and saw 4 of its levels.

You collected 192 gold pieces.

Inventory:

Hand Weapons
 a - a +0 trident (weapon)
Missiles
 l - 96 stones (quivered)
 x - 7 needles of sleeping
 C - 13 poisoned needles
Armour
 b - a +0 leather armour (worn)
 c - a +0 helmet (worn)
 s - a +0 buckler (worn)
Jewellery
 y - an amulet of regeneration (around neck)
Scrolls
 h - a scroll of immolation {unknown}
 i - 2 scrolls of teleportation {unknown}
 k - 5 scrolls of identify {unknown}
 o - a scroll of remove curse {unknown}
 p - 2 scrolls of random uselessness {unknown}
 r - a scroll of noise {unknown}
 t - a scroll of recharging {unknown}
 u - a scroll of fear {unknown}
 w - a scroll of enchant armour {unknown}
 A - a scroll of enchant weapon {unknown}
 D - a scroll of fog {unknown}
Potions
 e - a potion of berserk rage
 j - a potion of agility {unknown}
 m - a potion of haste {unknown}
 q - a potion of heal wounds {unknown}
 v - a potion of flight {unknown}
 z - a potion of might {unknown}
 B - a potion of degeneration {unknown}
Comestibles
 f - 4 bread rations
 g - a beef jerky
 n - a slice of pizza
 E - a chunk of flesh


   Skills:
 - Level 2.1 Fighting
 - Level 5.3 Polearms
 + Level 2.9 Throwing
 - Level 5.3 Dodging
 * Level 2.1 Shields


You had 4 spell levels left.
You didn't know any spells.

Dungeon Overview and Level Annotations

Branches:
Dungeon (4/15)
 Temple: D:4-7

Altars:
Dithmenos
Nemelex Xobeh
Trog


Message History

* * * LOW HITPOINT WARNING * * *
You are lethally poisoned!
The water moccasin poisons you!
You miss the water moccasin.
The water moccasin is severely wounded.
* * * LOW HITPOINT WARNING * * *
You feel sick. The water moccasin closely misses you.
You barely miss the water moccasin.
The water moccasin is severely wounded.
* * * LOW HITPOINT WARNING * * *
You feel sick. You block the water moccasin's attack.
You puncture the water moccasin!
The water moccasin is almost dead.
* * * LOW HITPOINT WARNING * * *
You feel sick. The water moccasin misses you.
You miss the water moccasin.
The water moccasin is almost dead.
* * * LOW HITPOINT WARNING * * *
You feel sick. The water moccasin bites you.
You die...

##.###...........
#.....†.....####
#.###.......# #.#
##.###### #.# #.#
#.# #.# ..# #.# ###
### #.# .. #.# >#
#.# ##.# #
#.########@.#
..#####)#.#.....S.#
#..>............(.#
#######.#.#.#####.#
#.......[ (..
#####.### .### #.#
.# #.. .# ####


You could see a water moccasin.

Vanquished Creatures
  3 gnolls (D:4)
  2 adders
  A worm (D:3)
  A giant gecko (D:1)
  5 giant cockroaches
  7 goblins
  7 hobgoblins
  7 jackals
  8 kobolds
  4 quokkas
  12 bats
  A giant gecko skeleton (D:4)
  3 giant newts
  7 rats
68 creatures vanquished.

Notes
Turn   | Place    | Note
--------------------------------------------------------------
     0 | D:1      | chessman the Merfolk Gladiator began the quest for the Orb.
     0 | D:1      | Reached XP level 1. HP: 16/16 MP: 1/1
   402 | D:1      | Reached XP level 2. HP: 20/22 MP: 2/2
   902 | D:1      | Reached XP level 3. HP: 27/27 MP: 3/3
   974 | D:1      | Reached skill level 5 in Dodging
  1113 | D:2      | Found a sparkling altar of Nemelex Xobeh.
  1537 | D:2      | Reached skill level 5 in Polearms
  2109 | D:3      | Reached skill level 1 in Shields
  2109 | D:3      | Reached XP level 4. HP: 33/33 MP: 4/4
  2310 | D:3      | Found a shadowy altar of Dithmenos.
  2568 | D:3      | Found a bloodstained altar of Trog.
  2734 | D:4      | Reached XP level 5. HP: 29/38 MP: 5/5
  2761 | D:4      | Noticed a water moccasin
  2783 | D:4      | Slain by a water moccasin

Skill      XL: |  1  2  3  4 |
---------------+-------------+-----
Dodging        | 5 |  5.3
Polearms       | 5 |  5.3
Shields        | 1 2 |  2.1
Fighting       | |  2.1
Throwing       | |  2.9

Action                   |  1- 3 |  4- 6 || total
-------------------------+-------+-------++-------
Melee: Trident           |   130 |   102 ||   232
       Tailslap          |     1 |       ||     1
Throw: Stone             |     9 |    21 ||    30
       Throwing net      |       |     5 ||     5
  Use: Potion            |       |     1 ||     1
 Stab: Held in net/web   |       |     2 ||     2
       Sleeping          |       |     1 ||     1
  Eat: Chunk             |     4 |     2 ||     6
Armor: Leather armour    |    21 |    15 ||    36
Dodge: Dodged            |    86 |    43 ||   129
Block: Buckler           |    13 |    11 ||    24
